 Dungeon Crawl Stone Soup version 0.29-a0-495-g17b79114eb (webtiles) character file.

Game seed: 7348243580460922666

10 xian the Skirmisher (level 2, 0/24 HPs)
             Began as a Demonspawn Chaos Knight on May 28, 2022.
             Was a Plaything of Xom.
             Slain by a hobgoblin (4 damage)
             ... on level 1 of the Dungeon.
             The game lasted 00:00:30 (147 turns).

xian the Skirmisher (Demonspawn Chaos Knight)        Turns: 147, Time: 00:00:30

Health: 0/24       AC:  5    Str: 12    XL:     2   Next: 10%
Magic:  2/2        EV: 11    Int: 13    God:    Xom [..*...]
Gold:   15         SH:  0    Dex: 12    Spells: 1/1 levels left

rFire   . . .      SeeInvis .   a - +0 falchion (chaos)
rCold   . . .      Faith    .   (no shield)
rNeg    . . .      Spirit   .   b - +2 leather armour
rPois   .          Reflect  .   (no helmet)
rElec   .          Harm     .   (no cloak)
rCorr   .          Rampage  .   (no gloves)
Will    .....                   (no boots)
Stlth   +.........              (no amulet)
HPRegen 0.08/turn               (no ring)
MPRegen 0.08/turn               (no ring)

@: no status effects
A: powered by death 1
a: Renounce Religion


You were on level 1 of the Dungeon.
You worshipped Xom.
You were a toy of Xom.
You visited 1 branch of the dungeon, and saw 1 of its levels.

You collected 15 gold pieces.

Inventory:

Hand Weapons
 a - a +0 falchion of chaos (weapon)
Armour
 b - a +2 leather armour (worn)
Miscellaneous
 c - a piece from Xom's chessboard (15/15) (quivered)


   Skills:
 + Level 3.2 Fighting
 + Level 2.9 Long Blades
 + Level 2.1 Armour
 + Level 0.8 Dodging


You had one spell level left.
You didn't know any spells.
Your spell library was empty.

Dungeon Overview and Level Annotations

Branches:
Dungeon (1/15)

Altars:


Innate Abilities, Weirdness & Mutations

You regenerate a little health from kills.


Message History

The bat hits you but does no damage.
You hit the bat. You burn the bat.
You kill the bat!
The endoplasm closely misses you.
You barely miss the endoplasm.
The endoplasm hits you but does no damage.
You hit the endoplasm.
The endoplasm is moderately wounded.
The endoplasm freezes you.
You are frozen.
You barely miss the endoplasm.
The endoplasm is moderately wounded.
The endoplasm freezes you.
You are frozen.
* * * LOW HITPOINT WARNING * * *
You hit the endoplasm but do no damage.
The endoplasm is poisoned.
The endoplasm is moderately wounded.
The endoplasm barely misses you.
You hit the endoplasm. You burn the endoplasm.
You kill the endoplasm!
Your Armour skill increases to level 2!
You slash the goblin!
You kill the goblin!
You have reached level 2!
Your demonic ancestry asserts itself...
A wave of death washes over you.
Xom is amused.
You hit the hobgoblin.
You kill the hobgoblin!
You closely miss the kobold.
The kobold hits you with a +0 short sword.
* * * LOW HITPOINT WARNING * * *
You hit the kobold but do no damage.
The kobold is poisoned.
The kobold hits you but does no damage.
You slash the kobold!
You kill the kobold!
You barely miss the hobgoblin. The hobgoblin closely misses you.
The hobgoblin hits you.
You die... "It's all fun and games until someone loses an eye."

.≈≈≈≈≈.≈≈.. #.##..#.#
≈≈≈≈≈≈.≈≈.# #.##..#.#
.≈≈≈≈≈≈.≈P# #.##..#.#
≈.≈g≈.≈≈♣.# #.##..#.###
≈≈≈≈.≈≈P..# ##.##..#.|..
♣P..Pgg.#######...#..#..##
#†.#.................
#.##.#####...#.##.###
#.†g@...###.##.##.#
####.##...........# #.#
........#..###
#.##.###.####..... #.##.#
#.........# #.# .#
#.####.##.# #.# .# #.#...
#.# .# ...... ##.#...


You could see a hobgoblin.

Vanquished Creatures
  A ball python (D:1)
  A bat (D:1)
  An endoplasm (D:1)
  A goblin (D:1)
  A hobgoblin (D:1)
  2 quokkas (D:1)
  A kobold (D:1)
8 creatures vanquished.

Vanquished Creatures (others)
  A demonic plant (D:1)
  2 plants (D:1)
3 creatures vanquished.

Grand Total: 11 creatures vanquished

Notes
Turn   | Place    | Note
-------+----------+-------------------------------------------
     0 | D:1      | xian the Demonspawn Chaos Knight began the quest for the
                  | Orb.
     0 | D:1      | Reached XP level 1. HP: 18/18 MP: 1/1
   143 | D:1      | Gained mutation: You regenerate a little health from kills.
                  | [demonic ancestry]
   143 | D:1      | Reached XP level 2. HP: 7/24 MP: 2/2
   147 | D:1      | Slain by a hobgoblin

Illustrated notes

Levels and vault maps discovered:
D:1:      wander_arrival_desolate, layout_loops_ring, serial_bayou,
          serial_bayou_ford_a, serial_bayou_shore_a, serial_bayou_shore_b,
          serial_bayou_pond_b, serial_bayou_pond_e, serial_bayou_lagoon_a,
          shapermc_ecumenical_altar_gd, minmay_misc_feat_plants

Skill      XL: |  1 |
---------------+----+-----
Armour         | 2 |  2.1
Fighting       | |  3.2
Long Blades    | |  2.9
Dodging        | |  0.8

Action                   || total
-------------------------++-------
Melee: Falchion          ||    24
 Stab: Petrifying        ||     1
Armor: Leather armour    ||     9
Dodge: Dodged            ||    25

Table legend: (Time is in decaauts)
 A = Elapsed time spent in this place.
 B = Non-inter-level travel time spent in this place.
 C = Inter-level travel time spent in this place.
 D = Time resting spent in this place.
 E = Time spent auto-exploring this place.
 F = Levels seen in this place.
 G = Mean time per level.
                   A        B        C        D        E       F      G
               +--------+--------+--------+--------+--------+-----+--------+
         Total |    150 |    150 |      0 |      0 |     92 |   1 |  150.0 |
       Dungeon |    150 |    150 |      0 |      0 |     92 |   1 |  150.0 |
               +--------+--------+--------+--------+--------+-----+--------+

Top non-repeatable levels by time:
     D:1: 150 daAuts
